 Dungeon Crawl Stone Soup version 0.31-a0-7-g51783674b7 (webtiles) character file.

Game seed: 8958353326212357278

5299 sircluck the Cleaver (level 10, -7/91 HPs)
             Began as a Minotaur Fighter on May 5, 2023.
             Was an Initiate of Gozag.
             Mangled by a komodo dragon (23 damage)
             ... on level 7 of the Dungeon.
             The game lasted 00:10:29 (7305 turns).

sircluck the Cleaver (Minotaur Fighter)             Turns: 7305, Time: 00:10:30

Health: -7/91      AC: 21    Str: 25    XL:     10   Next: 37%
Magic:  9/9        EV:  7    Int:  5    God:    Gozag
Gold:   991        SH:  5    Dex: 10    Spells: 9/9 levels left

rFire   . . .        a - +0 war axe
rCold   . . .        c - +0 buckler
rNeg    . . .        r - +0 plate armour
rPois   .            (helmet restricted)
rElec   .            y - +1 cloak {Will+}
rCorr   .            m - +1 pair of gloves
SInv    .            D - +1 pair of boots {rampage}
Will    +....        (no amulet) Stlth
                     (no ring)
HPRegen 0.35/turn    (no ring)
MPRegen 0.11/turn

%: rampage
@: no status effects
A: horns 2, retaliatory headbutt
a: Renounce Religion, Potion Petition, Call Merchant, Bribe Branch


You were on level 7 of the Dungeon.
You worshipped Gozag.
Gozag was pleased with you.
You visited 2 branches of the dungeon, and saw 8 of its levels.

You collected 1025 gold pieces.
You paid 34 gold pieces to Gozag.

Inventory:

Hand Weapons
 a - a +0 war axe (weapon)
Missiles
 g - 85 stones (quivered)
 J - 6 atropa-tipped darts
 K - 3 poisoned darts
Armour
 b - a +0 scale mail
 c - a +0 buckler (worn)
 l - a +0 pair of boots
 m - a +1 pair of gloves (worn)
 o - the +1 pair of gloves of Liodduo {rPois}
   (You found it on level 7 of the Dungeon)

   rPois:     It protects you from poison.
 r - a +0 plate armour (worn)
 y - a +1 cloak of willpower (worn)
 D - a +1 pair of boots of rampaging (worn)
Jewellery
 u - a ring of poison resistance
Wands
 F - a wand of charming (11)
 I - a wand of light (22)
 N - a wand of flame (9)
Scrolls
 f - 11 scrolls of identify {unknown}
 h - 2 scrolls of poison {unknown}
 j - 2 scrolls of magic mapping {unknown}
 k - a scroll of amnesia {unknown}
 n - a scroll of noise {unknown}
 p - a scroll of enchant weapon {unknown}
 s - a scroll of fog {unknown}
 t - 3 scrolls of vulnerability {unknown}
 C - a scroll of blinking {unknown}
 E - a scroll of teleportation {unknown}
 G - a scroll of enchant armour {unknown}
 H - a scroll of immolation {unknown}
 M - a scroll of silence {unknown}
Potions
 d - 2 potions of might
 e - 5 potions of lignification {unknown}
 i - a potion of magic {unknown}
 q - a potion of invisibility {unknown}
 v - 2 potions of brilliance {unknown}
 w - 2 potions of heal wounds {unknown}
 x - a potion of berserk rage {unknown}
 z - 2 potions of flight {unknown}
 A - a potion of attraction {unknown}
 B - 2 potions of degeneration {unknown}
 L - 2 potions of haste {unknown}


   Skills:
 + Level 9.3 Fighting
 + Level 12.9 Axes
 + Level 9.0 Armour
 + Level 2.2 Dodging
 + Level 1.1 Stealth
 + Level 6.0 Shields
 + Level 1.0 Evocations


You had 9 spell levels left.
You didn't know any spells.
Your spell library contained the following spells:

 Spells                   Type           Power      Damage    Failure   Level
 Sublimation of Blood     Necr           0%         N/A       100%        2
 Wereblood                Tmut           0%         N/A       100%        2
 Call Canine Familiar     Summ           0%         N/A       100%        3
 Hailstorm                Conj/Ice       0%         3d3       100%        3
 Inner Flame              Hex/Fire       0%         N/A       100%        3
 Portal Projectile        Hex/Tloc       0%         N/A       100%        3
 Flame Wave               Conj/Fire      0%         2d4       100%        4
 Ice Form                 Ice/Tmut       0%         N/A       100%        4
 Leda's Liquefaction      Hex/Erth       0%         N/A       100%        4
 Petrify                  Tmut/Erth      0%         N/A       100%        4
 Sticky Flame             Conj/Fire      0%         2d3       100%        4
 Irradiate                Conj/Tmut      0%         3d11      100%        5
 Yara's Violent Unravell  Hex/Tmut       0%         3d3       100%        5
 Enfeeble                 Hex            0%         N/A       100%        7
 Summon Hydra             Summ           0%         N/A       100%        7
 Simulacrum               Ice/Necr       Unusable   N/A       N/A         6

Dungeon Overview and Level Annotations

Branches:
Dungeon (7/15)             Temple (1/1) D:5

Altars:
Ashenzari
Dithmenos
Gozag
Kikubaaqudgha
Nemelex Xobeh
Okawaru
Qazlal
Sif Muna
Trog
Uskayaw
Vehumet
Wu Jian
Xom
Zin


Innate Abilities, Weirdness & Mutations

You have a pair of horns on your head.
You reflexively headbutt those who attack you in melee.


Message History

The centaur is no longer distracted by gold.
You headbutt the centaur.
You kill the centaur!
You now have 991 gold pieces (gained 52).
Things that are here:
a +0 shortbow; a +0 flail; a +0 mace A komodo dragon comes into view.
A komodo dragon is nearby!
The komodo dragon hisses angrily.
The komodo dragon bites you!
You are too injured to fight recklessly!
You are too injured to fight recklessly!
You are too injured to fight recklessly!
You are too injured to fight recklessly!
You are too injured to fight recklessly!
You are too injured to fight recklessly!
You are too injured to fight recklessly!
You are too injured to fight recklessly!
You hit the komodo dragon.
The komodo dragon is lightly wounded.
The komodo dragon bites you but does no damage.
You hit the komodo dragon.
The komodo dragon is moderately wounded.
The komodo dragon bites you!
* * * LOW HITPOINT WARNING * * *
You hit the komodo dragon but do no damage.
Your headbutt misses the komodo dragon.
The komodo dragon is moderately wounded.
The komodo dragon bites you but does no damage.
You closely miss the komodo dragon. Your headbutt misses the komodo dragon.
The komodo dragon is moderately wounded.
The komodo dragon barely misses you.
You hit the komodo dragon. You headbutt the komodo dragon!
The komodo dragon is heavily wounded.
The komodo dragon bites you but does no damage.
You slash the komodo dragon! Your headbutt misses the komodo dragon.
The komodo dragon is severely wounded.
The komodo dragon bites you!!
You die...
Your body crumbles into a pile of gold.

# #...## #)# #)#)#.#
##.. # ##.##
#####)#.....#.#####
##. ###..#
#.....'.....#.....##
#. ..#.##
#..###.#.....#.###..##
## #...# #.
#.#[#.#[#.# ##..#
##..# #.#######.# ##.#
#..# #.........# #.#
#.###
#####'#########.####
#.#..
#.@)....##..♣P.P...
#.#.#
#.l#####..#......P.♣
#.#.# #.# .#.....♣.PP
#.#.# ### #. $$
#P...♣..♣♣ #.'.# #.#
#+ $ +.♣..⌠♣... #.#.#
#.###.# #♣.....PPP
#.#.###.....#
#.♣.♣.....
#.#.#.......#
#......P..
#.#.......###
#♣.P...P..


You could see a komodo dragon.

Vanquished Creatures
  A two-headed ogre (D:7)
  An orc knight (D:7)
  The ghost of Ahpoh the Magician, a novice VSWn of Okawaru (D:6)
  2 gargoyles (D:7)
  A hornet (D:5)
  2 trolls
  Sigmund (D:3)
  An acid dragon (D:7)
  4 orc warriors
  A sky beast (D:7)
  A centaur (D:7)
  4 phantoms
  A kobold brigand (D:6)
  A bullfrog (D:6)
  A scorpion (D:5)
  3 wights (D:7)
  A killer bee (D:7)
  An electric eel (D:7)
  A howler monkey (D:4)
  3 jellies
  9 hounds
  5 orc priests
  Crazy Yiuf (D:3)
  A sleepcap (D:4)
  Terence (D:3)
  3 iguanas
  6 orc wizards
  Robin (D:2)
  10 gnolls
  12 adders
  A shadow imp (D:5)
  2 white imps
  2 ufetubi
  3 worms (D:2)
  5 dart slugs
  22 orcs
  3 bats
  4 endoplasms
  A giant cockroach (D:4)
  15 goblins
  8 hobgoblins
  8 jackals
  12 kobolds
  3 quokkas
  7 ball pythons
  3 frilled lizards
  5 rats
185 creatures vanquished.

Vanquished Creatures (collateral kills)
  A black bear (D:7)
  A scorpion (D:7)
  A hound (D:7)
3 creatures vanquished.

Vanquished Creatures (others)
  A plant (D:7)
1 creature vanquished.

Grand Total: 189 creatures vanquished

Notes
Turn   | Place    | Note
-------+----------+-------------------------------------------
     0 | D:1      | sircluck the Minotaur Fighter began the quest for the Orb.
     0 | D:1      | Reached XP level 1. HP: 19/19 MP: 0/0
    79 | D:1      | Reached XP level 2. HP: 23/27 MP: 1/1
   729 | D:2      | Found a shimmering blue altar of Sif Muna.
   738 | D:2      | Reached XP level 3. HP: 33/33 MP: 2/2
   787 | D:2      | Reached skill level 3 in Axes
   855 | D:2      | Reached XP level 4. HP: 38/40 MP: 3/3
   952 | D:2      | Identified the +0 helmet "Wookeeg" {Will++ Str+2}
   952 | D:2      | Noticed Robin
   961 | D:2      | Killed Robin
   965 | D:2      | Reached skill level 5 in Armour
   993 | D:2      | Reached skill level 4 in Axes
   996 | D:2      | Reached XP level 5. HP: 14/46 MP: 4/4
  1930 | D:3      | Reached skill level 1 in Dodging
  2001 | D:3      | Noticed Terence
  2008 | D:3      | Killed Terence
  2009 | D:3      | Reached skill level 5 in Axes
  2125 | D:3      | Noticed Sigmund
  2138 | D:3      | Killed Sigmund
  2139 | D:3      | Reached XP level 6. HP: 47/53 MP: 5/5
  2310 | D:3      | Reached skill level 6 in Axes
  2369 | D:3      | Found an opulent altar of Gozag.
  2833 | D:3      | Found a runed translucent door.
  2834 | D:3      | Noticed Crazy Yiuf
  2874 | D:3      | Became a worshipper of Gozag Ym Sagoz the Greedy
  2937 | D:3      | Killed Crazy Yiuf
  3300 | D:4      | Reached XP level 7. HP: 59/60 MP: 6/6
  3593 | D:4      | Reached skill level 7 in Axes
  3617 | D:4      | Reached skill level 5 in Fighting
  3752 | D:4      | Found a radiant altar of Vehumet.
  4187 | D:5      | Entered Level 5 of the Dungeon
  4258 | D:5      | Reached skill level 8 in Axes
  4258 | D:5      | Reached XP level 8. HP: 68/69 MP: 7/7
  4433 | D:5      | Found a staircase to the Ecumenical Temple.
  4469 | D:5      | Noticed a hornet
  4477 | D:5      | Killed a hornet
  4547 | D:5      | Found a broken altar of Ashenzari.
  4926 | Temple   | Entered the Ecumenical Temple
  5188 | D:6      | Noticed a troll
  5199 | D:6      | Killed a troll
  5200 | D:6      | Reached skill level 9 in Axes
  5200 | D:6      | Reached skill level 1 in Stealth
  5200 | D:6      | Reached skill level 5 in Shields
  5549 | D:6      | Noticed Ahpoh's ghost (novice VSWn)
  5552 | D:6      | Found a runed translucent door.
  5606 | D:6      | Reached skill level 10 in Axes
  5606 | D:6      | Reached XP level 9. HP: 78/78 MP: 8/8
  5943 | D:6      | Killed Ahpoh's ghost
  6582 | D:7      | Reached skill level 11 in Axes
  6719 | D:7      | Identified the +1 pair of gloves of Liodduo {rPois}
  6730 | D:7      | Noticed a two-headed ogre
  6755 | D:7      | Killed a two-headed ogre
  7018 | D:7      | Noticed an orc knight
  7037 | D:7      | Killed an orc knight
  7038 | D:7      | Reached skill level 12 in Axes
  7038 | D:7      | Reached XP level 10. HP: 46/90 MP: 9/9
  7266 | D:7      | Noticed a gargoyle
  7269 | D:7      | Noticed a gargoyle
  7273 | D:7      | Killed a gargoyle
  7274 | D:7      | Reached skill level 1 in Evocations
  7288 | D:7      | Killed a gargoyle
  7305 | D:7      | Mangled by a komodo dragon

Illustrated notes

Levels and vault maps discovered:
D:1:      dpeg_arrival_pits, layout_basic
D:2:      layout_rooms, basic_altar, uniq_robin
D:3:      layout_basic, nicolae_gozag_cash_rules_everything_around_me,
          uniq_crazy_yiuf_cottage, uniq_terence, uniq_sigmund
D:4:      layout_basic, kennysheep_mini_moat, grunt_ministairs_1,
          minmay_fractal_squares_diagonal_5
D:5:      layout_rooms, mainiacjoe_overflow_chevrons, minmay_temple_entry_wispy
D:6:      layout_loops_cross, hellmonk_ghost_happy_afterlife
D:7:      minmay_the_grid_plus_closed [minmay_the_grid_garden,
          minmay_the_grid_armoury, minmay_the_grid_minigrid_medium,
          minmay_the_grid_zigzag_pyramid, minmay_the_grid_prize_inner_circle],
          layout_basic, serial_bayou_ford_a, nicolae_kite_square_tiling_tiny,
          grunt_decor_resistance, uniq_pikel
Temple:   chequers_temple_sunken

Skill      XL: |  1  2  3  4  5  6  7  8  9 10 |
---------------+-------------------------------+-----
Armour         | 4 5 6 7 8 9 |  9.0
Fighting       | 4 5 6 8 9 |  9.3
Shields        | 4 5 6 |  6.0
Axes           | 3 4 5 6 8 10 12 | 12.9
Dodging        | 1 2 |  2.2
Stealth        | 1 |  1.1
Evocations     | 1 |  1.0

Action                     |  1- 3 |  4- 6 |  7- 9 | 10-12 || total
---------------------------+-------+-------+-------+-------++-------
  Melee: War axe           |    57 |   137 |   285 |    53 ||   532
         Headbutt          |     8 |    21 |    54 |    13 ||    96
  Evoke: Wand              |       |       |     2 |       ||     2
    Use: Potion            |       |     1 |     1 |       ||     2
   Stab: Distracted        |       |       |     1 |     1 ||     2
 Armour: Scale mail        |    33 |    35 |       |       ||    68
         Plate armour      |       |    60 |   160 |    21 ||   241
  Dodge: Dodged            |    28 |    53 |    65 |    10 ||   156
  Block: Buckler           |    11 |    31 |    49 |     3 ||    94

Table legend: (Time is in decaauts)
 A = Elapsed time spent in this place.
 B = Non-inter-level travel time spent in this place.
 C = Inter-level travel time spent in this place.
 D = Time resting spent in this place.
 E = Time spent auto-exploring this place.
 F = Levels seen in this place.
 G = Mean time per level.
                   A        B        C        D        E       F      G
               +--------+--------+--------+--------+--------+-----+--------+
         Total |   7429 |   6904 |    525 |     68 |   5340 |   8 |  928.6 |
       Dungeon |   7217 |   6697 |    520 |     68 |   5139 |   7 | 1031.0 |
        Temple |    212 |    207 |      5 |      0 |    201 |   1 |  212.0 |
               +--------+--------+--------+--------+--------+-----+--------+

Top non-repeatable levels by time:
     D:3: 1462 daAuts
     D:7: 1112 daAuts
     D:2: 1071 daAuts
     D:4: 1057 daAuts
     D:6: 1018 daAuts
     D:5: 760 daAuts
     D:1: 734 daAuts
  Temple: 212 daAuts
